[Event "Late-Titled-Tuesday-Blitz-August-29-2023"]
[Site "Chess.com"]
[Date "2023.08.29"]
[Round "5"]
[White "Fore_Man"]
[Black "TheMagician"]
[Result "1-0"]
[WhiteElo "2307"]
[BlackElo "2151"]
[TimeControl "180+1"]
[EndTime "14:54:27 PDT"]
[Termination "Fore_Man won on time"]

1. e4 e5 2. f4 d5 3. exd5 e4 4.
g3 Nf6 5. Nc3 Bc5 6. Be2 c6 7.
d4 exd3 8. Qxd3 cxd5 9. Nf3 O-O 10. Be3 Bxe3 11. Qxe3 Re8 12. Qd2 Bg4 13. O-O-O Nc6 14. h3 Bxf3 15. Bxf3 d4 16. Nb5 Ne4 17. Bxe4 Rxe4 18. Qd3 Qe7 19. Qa3 Qxa3 20. Nxa3 Re3 21. Rhg1 Rc8 22. Kb1 h5 23. Nb5 h4 24. Nd6 Rc7 25.
Nf5 Re2 26. gxh4 f6 27. Ng3 Rh2 28. Nh5 Kh7 29. a3 Ne7 30. Rc1 Nf5 31. Ng3 Nxh4 32. Ne4 Re2 33. Rg4 Nf5 34. Ng3 Nxg3 35. Rxg3 Re4 36.
Rf3 g6 37. Rf2 Rce7 38. Rd1 Re1 39. Kc1 Rxd1+ 40. Kxd1 g5 41. fxg5 fxg5 42. Kd2 Re3 43. Rf7+ Kg6 44. Rxb7 Rxh3 45. Rd7 1-0

[Event "Late-Titled-Tuesday-Blitz-August-29-2023"]
[Site "Chess.com"]
[Date "2023.08.29"]
[Round "5"]
[White "KNVB"]
[Black "mistrzemi"]
[Result "1-0"]
[WhiteElo "2811"]
[BlackElo "2363"]
[TimeControl "180+1"]
[EndTime "14:54:29 PDT"]
[Termination "KNVB won on time"]

1. d4 Nf6 2. Bf4 d5 3. e3 e6 4. Nf3 Bd6 5. Nbd2 O-O 6. Bd3 c5 7. c3 Nc6 8. Bg3 Qe7 9. Ne5 Nd7 10. Nxd7 Qxd7 11. Bxd6 Qxd6 12. f4 cxd4 13. cxd4 Bd7 14. a3 Rac8 15. O-O f5 16. Qe2 Na5 17. Rfc1 Rxc1+ 18. Rxc1 Rc8 19. Qd1 Rxc1 20. Qxc1 Qc6 21. Qc5 b6 22.
Qe7 Qc7 23. Nf3 Nc6 24. Qh4 h6 25. h3 Qd8 26. Qe1 Be8 27. g4 g6 28. Kh2 Qd6 29. Kg2 Kg7 30. Qg3 Kh7 31. h4 Qf8 32. h5 gxh5 33.
gxf5 exf5 34. Nh4 Ne7 35. Qh3 Qg7+ 36. Kf2 Qg4 37. Qxg4 hxg4 38. Nxf5 Bg6 39. Nxe7 Bxd3 40. Nxd5 Be4 41. Nf6+ 1-0

[Event "Late-Titled-Tuesday-Blitz-August-29-2023"]
[Site "Chess.com"]
[Date "2023.08.29"]
[Round "5"]
[White "Goryachkina"]
[Black "YEIKO2017"]
[Result "1-0"]
[WhiteElo "2637"]
[BlackElo "2469"]
[TimeControl "180+1"]
[EndTime "14:54:29 PDT"]
[Termination "Goryachkina won by resignation"]

1. e4 c5 2. Nf3 Nf6 3. e5 Nd5 4. Nc3 Nxc3 5. dxc3 Nc6 6. Bf4 Qb6 7. b3 Qc7 8. Bd3 e6 9. Qd2 a6 10. O-O h6 11. Rae1 b6 12. Be4 Bb7 13. Bg3 O-O-O 14. Qf4 f5 15. exf6 Qxf4 16. Bxf4 gxf6 17. c4 f5 18. Bxc6 Bxc6 19. Ne5 Be4 20. f3 Bb7 21. Nf7 Bg7 22. Nd6+ Kb8 23. Nxf5+ e5 24. Rxe5 Bxe5 25. Bxe5+ Ka7 26. Bxh8 Rxh8 27. Rd1 Rh7 28. Kf2 b5 29.
Rd6 bxc4 30. bxc4 h5 31. h4 Rf7 32. Ne3 Kb8 33. Rh6 Kc7 34. Rxh5 d6 35. Rg5 Rf4 36. h5 Rh4 37. g4 Rh3 38. Rf5 Kd7 39. Rf7+ Kc8 40. Rf6 Kd7 41. h6 Ke7 42. g5 Rh5 43.
Nf5+ Kd8 44. Rf8+ Kc7 45. Rf7+ Kb6 46. h7 1-0

[Event "Late-Titled-Tuesday-Blitz-August-29-2023"]
[Site "Chess.com"]
[Date "2023.08.29"]
[Round "5"]
[White "SHIVACalypso"]
[Black "rookoco"]
[Result "1-0"]
[WhiteElo "2525"]
[BlackElo "2680"]
[TimeControl "180+1"]
[EndTime "14:54:30 PDT"]
[Termination "SHIVACalypso won by resignation"]

1. Nf3 d5 2. c4 e6 3. g3 Nf6 4. Bg2 Be7 5. O-O O-O 6. d4 dxc4 7. Qc2 c6 8. a4 c5 9. dxc5 Na6 10.
Rd1 Nb4 11. Rxd8 Nxc2 12. Rxf8+ Kxf8 13. Ra2 Bxc5 14. Bd2 Ne4 15. e3 f6 16. Nc3 Nd6 17. Nb5 e5 18. Ne1 Nb4 19. Bxb4 Bxb4 20. Nc2 Bc5 21.
Nca3 Nxb5 22. Nxb5 a6 23. Nc7 Ra7 24. Bd5 b5 25. Ne6+ Bxe6 26. Bxe6 Ke7 27. Bd5 Rd7 28. e4 Bd4 29. axb5 axb5 30. Bc6 Rc7 31. Bxb5 Kd6 32.
Ra4 c3 33. bxc3 Rxc3 34. Ra2 Kc5 35. Bd7 Kc4 36. Be6+ Kd3 37. Bd5 g6 38. Kg2 f5 39.
exf5 gxf5 40. Bg8 h6 41. Bh7 Ke4 42. g4 Kf4 43. Bxf5 Rf3 44. Re2 Rc3 45. h4 1-0

[Event "Late-Titled-Tuesday-Blitz-August-29-2023"]
[Site "Chess.com"]
[Date "2023.08.29"]
[Round "5"]
[White "wild3000"]
[Black "Eloist"]
[Result "0-1"]
[WhiteElo "2314"]
[BlackElo "2459"]
[TimeControl "180+1"]
[EndTime "14:54:30 PDT"]
[Termination "Eloist won on time"]

1. e4 e6 2. Nf3 d5 3. e5 c5 4. b4 cxb4 5. d4 Bd7 6. a3 Nc6 7.
axb4 Bxb4+ 8. c3 Ba5 9. Bd3 Nge7 10. O-O h6 11. Na3 a6 12. Bb2 b5 13. Nd2 b4 14. cxb4 Nxb4 15. Bb1 O-O 16. Qh5 Nf5 17. Nf3 f6 18. g4 Be8 19. Qh3 Ne7 20. exf6 Rxf6 21.
g5 hxg5 22. Qh7+ Kf8 23. Ne5 Rh6 24. f4 Rxh7 25. Bxh7 Nf5 26. Bc1 Bb6 27. Kh1 Bxd4 28. Rb1 g4 29. Rxb4 Qh4 30. Rxd4 Ng3+ 31. Kg1 Nxf1 32.
Kxf1 Qxh7 33. Be3 Qh3+ 34. Ke1 Qxe3+ 35. Kf1 Qxd4 0-1

[Event "Late-Titled-Tuesday-Blitz-August-29-2023"]
[Site "Chess.com"]
[Date "2023.08.29"]
[Round "5"]
[White "The_Princess_Moon"]
[Black "Road2GM3000"]
[Result "0-1"]
[WhiteElo "2233"]
[BlackElo "2509"]
[TimeControl "180+1"]
[EndTime "14:54:32 PDT"]
[Termination "Road2GM3000 won by checkmate"]

1. e4 c5 2. Nf3 d6 3. c3 Nf6 4.
h3 g6 5. Bd3 Bg7 6. Bc2 O-O 7.
O-O e5 8. Re1 Nc6 9. d4 exd4 10.
cxd4 cxd4 11. Nxd4 Nxd4 12. Qxd4 Be6 13. Nc3 a6 14.
Bf4 Ne8 15. Qd2 Rc8 16. Rad1 Qb6 17. Bb3 Bxb3 18. axb3 Qxb3 19. Bh6 Bxh6 20. Qxh6 Qxb2 21. Nd5 Qe5 22. f4 Qe6 23. e5 Rc5 24. exd6 Rxd5 25.
Rxe6 Rxd1+ 26. Kh2 fxe6 27. f5 exf5 28. d7 Rxd7 29. Qe3 Rdf7 30. Qb3 f4 31. h4 h5 32. Qf3 Kh7 33. Kh3 Nf6 34. Qd3 Ng4 35. Qf3 Re8 36. g3 Re3 37. Qxg4 hxg4+ 38. Kxg4 Rxg3# 0-1

[Event "Late-Titled-Tuesday-Blitz-August-29-2023"]
[Site "Chess.com"]
[Date "2023.08.29"]
[Round "5"]
[White "Quattroporte300"]
[Black "laskakid"]
[Result "1-0"]
[WhiteElo "2394"]
[BlackElo "2177"]
[TimeControl "180+1"]
[EndTime "14:54:33 PDT"]
[Termination "Quattroporte300 won by checkmate"]

1. e4 e5 2. Nf3 Nc6 3. Bc4 Nf6 4.
d3 Bc5 5. O-O d6 6. c3 a5 7. a4 O-O 8. Nbd2 Be6 9. h3 h6 10. Re1 Ba7 11. Bb3 Re8 12. Nf1 d5 13.
exd5 Nxd5 14. Ng3 Qf6 15. Ne4 Qg6 16. Nh4 Qh7 17. Qh5 Nf4 18. Bxf4 Bxb3 19. Be3 Bd5 20. Bxa7 Rxa7 21. Re3 Bxe4 22. dxe4 g6 23. Rg3 Kh8 24.
Nxg6+ fxg6 25. Rxg6 Rg8 26. Rxh6 Rg7 27. Rxh7+ Rxh7 28. Qe8+ Kg7 29. Rd1 Ra6 30. Rd7+ Kh6 31. Qe6+ Kg5 32.
Rxh7 Nd4 33. Rg7+ Kf4 34. Qg4# 1-0

[Event "Late-Titled-Tuesday-Blitz-August-29-2023"]
[Site "Chess.com"]
[Date "2023.08.29"]
[Round "5"]
[White "VladimirKramnik"]
[Black "Lennis93"]
[Result "1-0"]
[WhiteElo "2949"]
[BlackElo "2693"]
[TimeControl "180+1"]
[EndTime "14:54:36 PDT"]
[Termination "VladimirKramnik won on time"]

1. e4 c5 2. Nf3 Nc6 3. d4 cxd4 4. Nxd4 Qb6 5. Nb3 Nf6 6. Nc3 e6 7. Qe2 Qc7 8. Bd2 a6 9. f4 d6 10. g4 Be7 11. g5 Nd7 12. h4 b5 13. O-O-O Nb6 14.
Bg2 b4 15. Nd5 exd5 16. exd5 Nd8 17. Bxb4 O-O 18. Nd4 a5 19. Bc3 Ba6 20. Qh5 Na4 21.
Rh3 f6 22. g6 h6 23. Nf5 Re8 24. Re1 Nb7 25. Rhe3 Nxc3 26. bxc3 Bb5 27. Rxe7 Rxe7 28. Rxe7 Qxc3 29. Rxg7+ Kf8 30. Rf7+ Ke8 31. Re7+ Kd8 32. g7 Qa3+ 33. Kd1 Qg3 34. Nxg3 Kxe7 35. Nf5+ 1-0

[Event "Late-Titled-Tuesday-Blitz-August-29-2023"]
[Site "Chess.com"]
[Date "2023.08.29"]
[Round "5"]
[White "rachidhuilda"]
[Black "jinbojinbo"]
[Result "0-1"]
[WhiteElo "2361"]
[BlackElo "2673"]
[TimeControl "180+1"]
[EndTime "14:54:36 PDT"]
[Termination "jinbojinbo won by resignation"]

1. d4 Nf6 2. Bg5 Ne4 3. Bf4 d5 4. e3 Bf5 5. Bd3 c5 6. f3 Nd6 7. Bxd6 Bxd3 8. Bxb8 Bg6 9. Bf4 e6 10. c3 Be7 11. Qa4+ Kf8 12. Ne2 f6 13. O-O Kf7 14. Nd2 Re8 15. Rad1 Bf8 16. Kh1 a6 17. Rc1 b5 18.
Qd1 e5 19. Bg3 Kg8 20. Re1 Rc8 21. Nf1 h5 22. f4 e4 23. Bh4 c4 24. Nfg3 Qd7 25. Ng1 b4 26. Rf1 bxc3 27. bxc3 Rb8 28. f5 Bf7 29. Nxh5 Rb2 30. Rc2 Bxh5 31. Qc1 Rxc2 32. Qxc2 Rb8 33. Nh3 Bf7 34. Bg3 Rb7 35. Nf4 Qxf5 36. Qa4 g5 37. Qc6 Rb2 38. h3 gxf4 39.
Rxf4 Qe6 40. Rg4+ Kh7 41. Qc8 Qxc8 0-1

[Event "Late-Titled-Tuesday-Blitz-August-29-2023"]
[Site "Chess.com"]
[Date "2023.08.29"]
[Round "5"]
[White "Michalczak"]
[Black "Good_Knight_Kiss"]
[Result "1-0"]
[WhiteElo "2511"]
[BlackElo "2349"]
[TimeControl "180+1"]
[EndTime "14:54:38 PDT"]
[Termination "Michalczak won on time"]

1. e4 c5 2. c3 d5 3. exd5 Qxd5 4. Nf3 Nc6 5. Na3 Bg4 6. Bc4 Bxf3 7. Bxd5 Bxd1 8. Bxc6+ bxc6 9. Kxd1 Nf6 10. Nc4 e6 11. d3 Nd5 12. Re1 Be7 13. Kc2 O-O 14. Re4 Nb6 15.
Na5 Rac8 16. Be3 Rfd8 17. c4 Rd7 18. Re1 h5 19. Re5 g6 20. Nb3 Na4 21. Bxc5 Bf6 22. R5e3 Bxb2 23. Bb4 Bf6 24. Rf3 Bg7 25. Re4 Rcd8 26.
Ree3 Rb8 27. a3 Rdb7 28. Na5 Rb6 29. c5 Rb5 30. Nxc6 Re8 31. d4 a5 32. Bxa5 Ra8 33. Bb4 1-0

[Event "Late-Titled-Tuesday-Blitz-August-29-2023"]
[Site "Chess.com"]
[Date "2023.08.29"]
[Round "5"]
[White "viktorgen2021"]
[Black "gshwbedhkhd"]
[Result "0-1"]
[WhiteElo "2434"]
[BlackElo "2586"]
[TimeControl "180+1"]
[EndTime "14:54:39 PDT"]
[Termination "gshwbedhkhd won by resignation"]

1. d4 f5 2. g3 Nf6 3. Bg2 g6 4. Nh3 Bg7 5. Nf4 e6 6. h4 Qe7 7. h5 Qf7 8. Nd2 Nc6 9. Nf3 Ne4 10. c3 g5 11. h6 Bf8 12. Nd3 Qf6 13. Be3 Be7 14.
Nfe5 d6 15. Nxc6 bxc6 16. Qa4 Bd7 17. O-O-O O-O 18. Bf3 Rfb8 19. Qc2 Rb5 20. g4 Rab8 21. gxf5 exf5 22. Rdg1 Kh8 23. c4 Ra5 24. b3 g4 25.
Bxe4 fxe4 26. Nf4 Bf5 27. Nh5 Qf7 28. Ng7 d5 29. Rh5 Bg6 30. Rh2 dxc4 31. Rxg4 cxb3 32. axb3 Ra1+ 33. Kd2 Bb4+ 34. Qc3 Ra2+ 0-1

[Event "Late-Titled-Tuesday-Blitz-August-29-2023"]
[Site "Chess.com"]
[Date "2023.08.29"]
[Round "5"]
[White "19912131712118"]
[Black "Chessdreamer2020"]
[Result "1-0"]
[WhiteElo "2414"]
[BlackElo "2515"]
[TimeControl "180+1"]
[EndTime "14:54:41 PDT"]
[Termination "19912131712118 won on time"]

1. e4 c5 2. c3 a6 3. Nf3 d5 4. exd5 Nf6 5. Na3 Nxd5 6. d4 cxd4 7. Nxd4 e5 8. Nf3 Bxa3 9. Qa4+ Nc6 10. Qxa3 Nde7 11.
Be3 O-O 12. Rd1 Qc7 13. Bc5 Rd8 14. Rxd8+ Qxd8 15. Bxe7 Nxe7 16. Nxe5 Ng6 17. Nxg6 hxg6 18. Be2 Qe8 19. c4 Bf5 20. Qe3 Qa4 21. Qb3 Qe8 22. Qe3 Qa4 23. Qb3 Qa5+ 24. Qc3 Qxa2 25. O-O Rd8 26.
h3 Be4 27. Kh2 Bc6 28. Rd1 Rxd1 29. Bxd1 Qb1 30. Qc2 Qa1 31. Qd2 Kh7 32. h4 Qb1 33. Qc2 Qxc2 34. Bxc2 Kg8 35. g4 Kf8 36. Kg3 Ke7 37. Kf4 Kd6 38. b4 Bd7 39. c5+ Kc7 40.
g5 Bc6 41. Ke5 Bg2 42. f4 Bc6 43. Bd3 Bb5 44. Be4 Bc4 45. Bf3 b6 46. Bd5 Bxd5 47. Kxd5 1-0

[Event "Late-Titled-Tuesday-Blitz-August-29-2023"]
[Site "Chess.com"]
[Date "2023.08.29"]
[Round "5"]
[White "Druid24"]
[Black "platy3"]
[Result "1-0"]
[WhiteElo "2672"]
[BlackElo "2902"]
[TimeControl "180+1"]
[EndTime "14:54:43 PDT"]
[Termination "Druid24 won by resignation"]

1. e4 e5 2. Nf3 Nc6 3. Bb5 a6 4. Ba4 Nge7 5. c3 Ng6 6. d4 exd4 7. cxd4 d5 8. exd5 Qxd5 9. Nc3 Bb4 10. Qe2+ Qe6 11. O-O Bxc3 12. Qxe6+ Bxe6 13. bxc3 O-O 14. Re1 Bd5 15. Ba3 Rfe8 16. Bb3 Nf4 17. Ne5 Nxe5 18. dxe5 Bxg2 19. Bc1 Nd3 20. Re3 Nxc1 21. Bxf7+ Kxf7 22. Kxg2 Nxa2 23. Rxa2 Rad8 24. f4 Rd5 25. h4 g6 26.
Kf3 Ke6 27. h5 Rc5 28. Rg2 Rg8 29. Rg5 Rc6 30. f5+ Kf7 31. hxg6+ hxg6 32. e6+ Kf6 33. Rg4 Kxf5 34. Rf4+ Kg5 35. e7 Re8 36. Re5+ Kh6 37. Rf8 Rxc3+ 38. Ke2 Rxe7 39. Rxe7 b5 40. Rh8+ Kg5 41.
Ra8 Kf6 42. Re3 Rc2+ 43. Kf3 Ra2 44. Rc3 b4 45. Rc6+ Kg5 46. Raxa6 Rb2 47. Rxc7 b3 48.
Rb6 Rb1 49. Rcb7 1-0

[Event "Late-Titled-Tuesday-Blitz-August-29-2023"]
[Site "Chess.com"]
[Date "2023.08.29"]
[Round "5"]
[White "promen1999"]
[Black "Rud_Makarian"]
[Result "1-0"]
[WhiteElo "2876"]
[BlackElo "3006"]
[TimeControl "180+1"]
[EndTime "14:54:44 PDT"]
[Termination "promen1999 won by resignation"]

1. c4 c6 2. Nf3 d5 3. e3 Nf6 4. Nc3 a6 5. b3 Bf5 6. Bb2 e6 7. Nh4 Bg4 8. Qc2 Bh5 9. h3 Nfd7 10. g4 Qxh4 11. gxh5 Nf6 12. Be2 Nbd7 13. O-O-O Qxf2 14. Rdf1 Qg3 15. Rhg1 Qd6 16. h6 gxh6 17. Kb1 Be7 18. Rg7 Kf8 19. Rg2 b5 20. cxd5 cxd5 21. Nd1 Rg8 22.
Rxg8+ Kxg8 23. Nf2 e5 24. Ng4 Nxg4 25. Bxg4 Nf8 26.
Qf5 Qg6 27. Bxe5 Rd8 28. Bh5 Qxf5+ 29. Rxf5 Ng6 30. Bd4 Bf8 31. Bf6 Rd6 32. Bf3 Bg7 33. Bxg7 Kxg7 34. Rxd5 Rf6 35. Bg4 Rc6 36. b4 Ne7 37. Rd7 Ng6 38. d4 Rc4 39. Be6 Rxb4+ 40. Kc2 Kf6 41. Bb3 a5 42. Rxf7+ Kg5 43. a3 1-0

[Event "Late-Titled-Tuesday-Blitz-August-29-2023"]
[Site "Chess.com"]
[Date "2023.08.29"]
[Round "5"]
[White "secretsuperstar7"]
[Black "Goffredo_Fofi"]
[Result "0-1"]
[WhiteElo "2385"]
[BlackElo "2538"]
[TimeControl "180+1"]
[EndTime "14:54:45 PDT"]
[Termination "Goffredo_Fofi won on time"]

1. d4 g6 2. c3 Bg7 3. g3 d6 4. Bg2 Nc6 5. Nf3 e5 6. O-O Nge7 7.
Na3 O-O 8. e4 exd4 9. cxd4 Bg4 10. Be3 d5 11. e5 Nf5 12. Nc2 f6 13. h3 Bxf3 14. Qxf3 fxe5 15. Qxd5+ Qxd5 16. Bxd5+ Kh8 17. dxe5 Nxe3 18. Nxe3 Nxe5 19. Rac1 c6 20. Bg2 Nd3 21. Rc2 Nb4 22. Rc4 Nd3 23. b3 Rae8 24. Rh4 Nxf2 25. Rxf2 Rxe3 26. Rxf8+ Bxf8 27. Kf2 Bc5 28. Kf1 Rxg3 29.
Rf4 Kg7 30. Rf3 Rg5 31. h4 Rg4 32. Bh3 Rxh4 33. Rd3 Rd4 34. Rxd4 Bxd4 35. Bc8 b6 36. Bb7 c5 37. Ke2 Kf6 38. Kd3 h5 0-1

[Event "Late-Titled-Tuesday-Blitz-August-29-2023"]
[Site "Chess.com"]
[Date "2023.08.29"]
[Round "5"]
[White "TC2304"]
[Black "Sacbutt"]
[Result "1-0"]
[WhiteElo "2401"]
[BlackElo "2228"]
[TimeControl "180+1"]
[EndTime "14:54:45 PDT"]
[Termination "TC2304 won by resignation"]

1. c4 Nf6 2. g3 e6 3. Bg2 d5 4. Nf3 Be7 5. O-O O-O 6. b3 Nbd7 7. Bb2 b6 8. d4 Bb7 9. Ne5 c6 10. Nxd7 Qxd7 11. Nc3 Rac8 12. e4 dxe4 13. Nxe4 Nxe4 14. Bxe4 Bf6 15. Rc1 c5 16. Bxb7 Qxb7 17. Rc2 cxd4 18. Bxd4 Rfd8 19. Rd2 Bxd4 20. Rxd4 Qc7 21. h4 Rxd4 22. Qxd4 Rd8 23. Qe4 h5 24. Qf3 g6 25.
Rd1 Rd7 26. Kg2 Rxd1 27. Qxd1 Kf8 28. Qf3 Ke7 29. Qe4 Kd7 30. Kf3 Qc6 31. Qxc6+ Kxc6 32. b4 e5 33. g4 hxg4+ 34. Kxg4 f6 35. h5 gxh5+ 36. Kxh5 Kd6 37. Kg6 Ke6 38. c5 bxc5 39.
bxc5 f5 40. c6 f4 41. c7 Kd7 42. Kf5 Kxc7 43. Kxe5 Kb6 44. Kxf4 Ka5 45. Ke4 Ka4 46. f4 Ka3 47. f5 Kxa2 48. f6 a5 49. f7 a4 50.
f8=Q a3 51. Kd3 Kb2 52. Qb4+ Ka2 53. Kc2 1-0

[Event "Late-Titled-Tuesday-Blitz-August-29-2023"]
[Site "Chess.com"]
[Date "2023.08.29"]
[Round "5"]
[White "Arystanner"]
[Black "dropstoneDP"]
[Result "1-0"]
[WhiteElo "2868"]
[BlackElo "2963"]
[TimeControl "180+1"]
[EndTime "14:54:48 PDT"]
[Termination "Arystanner won by resignation"]

1. d4 d5 2. Nf3 Nf6 3. c4 e6 4.
Nc3 c5 5. e3 Nc6 6. a3 Ne4 7.
cxd5 exd5 8. Bd3 Bf5 9. O-O cxd4 10. exd4 Bd6 11. Re1 O-O 12. Nxe4 dxe4 13. Bxe4 Qd7 14.
Qd3 Bxe4 15. Rxe4 Qf5 16. Bd2 Rae8 17. Rae1 Rxe4 18. Qxe4 Qxe4 19. Rxe4 Rd8 20. Kf1 f6 21. h4 h5 22. Bc3 Kf7 23. Nd2 b5 24. Nb3 b4 25. axb4 Nxb4 26. Re1 Rb8 27. Ra1 a6 28. Nc5 Bxc5 29. dxc5 Nd5 30. Rxa6 Nxc3 31. Ra7+ Kg6 32. bxc3 Rb3 33. c6 Rxc3 34. c7 Kf5 35. Ke2 g5 36. Kd2 Rc6 37. hxg5 fxg5 38. Kd3 Rc1 39. Kd4 Ke6 40.
f3 h4 41. Rb7 Kd7 42. Rb5 Rg1 43. Rxg5 h3 44. Rc5 Kc8 45. gxh3 Rh1 46. f4 Rxh3 47. f5 Rh7 48. Ke5 Rh1 49. Ke6 Rf1 50. f6 1-0

[Event "Late-Titled-Tuesday-Blitz-August-29-2023"]
[Site "Chess.com"]
[Date "2023.08.29"]
[Round "5"]
[White "Piotrek1979"]
[Black "nitpicker"]
[Result "1-0"]
[WhiteElo "2469"]
[BlackElo "2299"]
[TimeControl "180+1"]
[EndTime "14:54:50 PDT"]
[Termination "Piotrek1979 won on time"]

1. Nf3 Nf6 2. g3 d5 3. Bg2 e6 4.
O-O Be7 5. d3 c5 6. c4 Nc6 7.
Nc3 d4 8. Na4 e5 9. a3 O-O 10.
b4 cxb4 11. axb4 Bxb4 12. Ba3 Bxa3 13. Rxa3 Qe7 14. Qa1 Bd7 15. Nb6 Rab8 16. Nxd7 Qxd7 17. Nd2 a6 18. Rb1 Rfc8 19. Rb6 Qc7 20. Qb1 Nd7 21.
Rb2 Nc5 22. Nb3 Nd7 23. Bf3 g6 24. h4 Kg7 25. Kg2 Re8 26. Nd2 f5 27. Rab3 b6 28.
h5 g5 29. h6+ Kxh6 30. Qh1+ Kg7 31. Qh5 Qd8 32. Bxc6 Re6 33. Bxd7 Qxd7 34. Rxb6 Rexb6 35. Rxb6 Rxb6 36. Qxg5+ Kf7 37. Nf3 Qe6 38. Qd8 Qf6 39. Nxe5+ Kg7 40. Qc7+ Kg8 41. Qc8+ Kg7 42. Qd7+ Kg8 43.
Qxd4 Re6 44. f4 a5 45. Qd5 a4 46. c5 a3 47. c6 Qe7 48. c7 Kg7 49. c8=Q 1-0

[Event "Late-Titled-Tuesday-Blitz-August-29-2023"]
[Site "Chess.com"]
[Date "2023.08.29"]
[Round "5"]
[White "viktorskliarov"]
[Black "cthulhuuu"]
[Result "1-0"]
[WhiteElo "2692"]
[BlackElo "2478"]
[TimeControl "180+1"]
[EndTime "14:54:51 PDT"]
[Termination "viktorskliarov won by checkmate"]

1. e4 d6 2. d4 Nf6 3. Nc3 c6 4. f3 e5 5. Be3 Be7 6. Nge2 O-O 7. Qd2 b5 8. g4 Nbd7 9. Ng3 Nb6 10. b3 Re8 11.
O-O-O Nfd7 12. Nf5 Bf8 13. h4 a5 14. g5 b4 15. Ne2 d5 16. h5 a4 17. g6 axb3 18.
cxb3 Nc4 19. gxf7+ Kxf7 20. bxc4 Qa5 21. Kb1 Nb6 22. Nc1 Bxf5 23. exf5 Nxc4 24. Bxc4 dxc4 25. h6 Qa3 26. hxg7 Bxg7 27. Rxh7 b3 28. Rxg7+ Kxg7 29. Qg2+ Kf8 30. Bh6+ Ke7 31. Qg7+ Kd6 32. dxe5+ Kc5 33.
Be3+ Kb5 34. Qb7+ Ka5 35. Bd2+ Ka4 36. Qxc6# 1-0

[Event "Late-Titled-Tuesday-Blitz-August-29-2023"]
[Site "Chess.com"]
[Date "2023.08.29"]
[Round "5"]
[White "vladgoncharov"]
[Black "Garmendiarov"]
[Result "0-1"]
[WhiteElo "2507"]
[BlackElo "2336"]
[TimeControl "180+1"]
[EndTime "14:54:51 PDT"]
[Termination "Garmendiarov won by resignation"]

1. d4 Nf6 2. c4 g6 3. Nc3 d5 4.
cxd5 Nxd5 5. e4 Nxc3 6. bxc3 Bg7 7. Bc4 c5 8. Ne2 Nc6 9. Be3 O-O 10. O-O Bg4 11. f3 Na5 12. Bxf7+ Rxf7 13. fxg4 Rxf1+ 14. Kxf1 Qd6 15. Kg1 Qe6 16. Ng3 Nc4 17. Bf2 cxd4 18. cxd4 Rd8 19. Rc1 Nb2 20. Qe2 Qxa2 21. e5 Bh6 22.
Rc2 Qb1+ 23. Nf1 Nd1 24. h4 Nxf2 25. Qc4+ Kh8 26. g5 Bg7 27. Rxf2 Qb6 28. h5 gxh5 29.
Qf7 Qxd4 30. Qxe7 Rf8 31. Kh2 Qxf2 32. Ng3 h4 33. Nh5 Rg8 34. Kh1 Qe1+ 35. Kh2 Qxe5+ 36.
Qxe5 Bxe5+ 37. Kh3 Rxg5 38. Kxh4 Rxg2 39. Kh3 Rh2+ 40.
Kg4 Rg2+ 41. Kf5 Rh2 42. Kxe5 Rxh5+ 43. Kf6 Rh6+ 44. Kf7 Rg6 45. Ke7 a5 46. Kf7 a4 0-1

[Event "Late-Titled-Tuesday-Blitz-August-29-2023"]
[Site "Chess.com"]
[Date "2023.08.29"]
[Round "5"]
[White "ArmanGhevondyanchess"]
[Black "Irishchessman16"]
[Result "1-0"]
[WhiteElo "2287"]
[BlackElo "2490"]
[TimeControl "180+1"]
[EndTime "14:54:51 PDT"]
[Termination "ArmanGhevondyanchess won by resignation"]

1. Nf3 d5 2. g3 Bg4 3. Bg2 e6 4. d4 Nd7 5. O-O Ngf6 6. c4 c6 7. b3 Bd6 8. Bb2 O-O 9. Nc3 h6 10. Qc2 Bf5 11. Qc1 Ne4 12. Nd2 Nxd2 13. Qxd2 Nf6 14.
Rad1 a5 15. Rfe1 Qe7 16. e4 dxe4 17. Nxe4 Nxe4 18. Bxe4 Bb4 19. Bc3 Bxc3 20. Qxc3 Bxe4 21. Rxe4 Qb4 22. Qe3 a4 23. d5 exd5 24. cxd5 Qd6 25. bxa4 cxd5 26. Red4 Qe6 27. Qb3 Qc6 28. Qb5 Rfc8 29.
Rxd5 Qxb5 30. axb5 Rxa2 31. Rd8+ Rxd8 32. Rxd8+ Kh7 33. Rb8 Rb2 34. Rxb7 Kg6 35. Rb8 f5 36. Rb6+ Kg5 37. h4+ Kh5 38. Kg2 g5 39. hxg5 hxg5 40. Rb8 Kg4 41. b6 f4 42. gxf4 Kxf4 43. b7 Kg4 44. Kf1 Rb1+ 45. Ke2 Rb3 46. Kd2 Rb2+ 47. Kc3 Rb1 48. Kd4 Rb2 49. Ke4 Rb1 50. Ke3 Rb2 51.
Kd3 Rb1 52. Ke2 Rb2+ 53. Kf1 Rb3 54. Kg1 Rb2 55. Kg2 Rb3 56. f3+ Rxf3 57. Rc8 1-0

[Event "Late-Titled-Tuesday-Blitz-August-29-2023"]
[Site "Chess.com"]
[Date "2023.08.29"]
[Round "5"]
[White "RIPOL"]
[Black "wgraif"]
[Result "0-1"]
[WhiteElo "2409"]
[BlackElo "2533"]
[TimeControl "180+1"]
[EndTime "14:54:53 PDT"]
[Termination "wgraif won on time"]

1. d4 Nf6 2. Bg5 d5 3. Bxf6 exf6 4. e3 c6 5. Nd2 Nd7 6. Ne2 f5 7.
c4 dxc4 8. Nxc4 Bb4+ 9. Nc3 O-O 10. Be2 Nf6 11. O-O Be6 12. Ne5 Nd7 13. Nf3 Qa5 14. Qd2 Nf6 15. a3 Be7 16. b4 Qc7 17.
Bd3 Rfd8 18. Qc2 g6 19. Rfc1 Rac8 20. Na4 Bd5 21. Ne5 Bd6 22. f4 Be4 23. Nc5 Bxd3 24. Nexd3 b6 25. Nb3 Nd5 26. Qf2 f6 27. Nd2 Qe7 28. Nc4 Bb8 29. Re1 Re8 30. Rac1 Qd7 31. Qf3 Re4 32. Nf2 Re6 33. g3 Rce8 34. e4 fxe4 35. Rxe4 Rxe4 36. Nxe4 Kg7 37. g4 Qe7 38. Ng3 Bxf4 39. Rf1 Be3+ 40. Kh1 Bxd4 0-1

[Event "Late-Titled-Tuesday-Blitz-August-29-2023"]
[Site "Chess.com"]
[Date "2023.08.29"]
[Round "5"]
[White "JoshuaGK27"]
[Black "szachmistrz2500"]
[Result "1/2-1/2"]
[WhiteElo "2403"]
[BlackElo "2488"]
[TimeControl "180+1"]
[EndTime "14:54:56 PDT"]
[Termination "Game drawn by stalemate"]

1. d4 Nf6 2. c4 g6 3. Nc3 Bg7 4. e4 d6 5. Be2 e5 6. d5 Nbd7 7. Be3 Nc5 8. Qc2 a5 9. h4 h6 10. Nf3 Ncxe4 11. Nxe4 Nxe4 12. Nxe5 Bxe5 13. Qxe4 Bf5 14.
Qf3 Bxb2 15. Rd1 Bc3+ 16. Kf1 Qf6 17. h5 g5 18. g4 Bh7 19. Qxf6 Bxf6 20. Rh3 O-O 21.
Bd3 Bxd3+ 22. Rxd3 b6 23. Rf3 Kg7 24. Rf5 Be5 25.
Kg2 a4 26. Bd4 f6 27. Be3 a3 28. f4 gxf4 29. Bxf4 Ra4 30. Bxe5 fxe5 31. Rxf8 Kxf8 32. Rc3 Rb4 33. Kf3 Kf7 34. Ke4 Kf6 35. Kd3 Kg5 36. Rxa3 Kxg4 37. Ra7 Rb2 38. Rxc7 Rxa2 39. Rc6 Ra3+ 40.
Kc2 e4 41. Rxd6 e3 42. Kd1 Kf3 43. Rf6+ Ke4 44. d6 Kd3 45. Kc1 Ra1+ 46. Kb2 Ra7 47. Re6 Rd7 48. Kb3 e2 49. Kb4 Kd2 50. c5 bxc5+ 51.
Kxc5 e1=Q 52. Rxe1 Kxe1 53. Kc6 Rd8 54. d7 Kf2 55. Kc7 Rg8 56. d8=Q Rxd8 57. Kxd8 Kg3 58. Ke7 Kg4 59. Kf6 Kxh5 60. Kf5 Kh4 61. Kf4 Kh3 62. Kf3 h5 63. Kf2 h4 64. Kf3 Kh2 65.
Kf2 h3 66. Kf1 Kh1 67. Kf2 Kh2 68. Kf1 Kh1 69. Kf2 h2 70. Kf1 1/2-1/2

[Event "Late-Titled-Tuesday-Blitz-August-29-2023"]
[Site "Chess.com"]
[Date "2023.08.29"]
[Round "5"]
[White "CheckThis4"]
[Black "FaustinoOro"]
[Result "1-0"]
[WhiteElo "2651"]
[BlackElo "2885"]
[TimeControl "180+1"]
[EndTime "14:54:57 PDT"]
[Termination "CheckThis4 won by checkmate"]

1. e4 c5 2. Nc3 Nc6 3. Bb5 Nd4 4. Bc4 a6 5. d3 e6 6. Nge2 b5 7. Bb3 Nxb3 8. axb3 Bb7 9. O-O d6 10. f4 Nf6 11. f5 Be7 12. Qe1 O-O 13. Qg3 Kh8 14. fxe6 fxe6 15. Nf4 Bc8 16. Be3 b4 17. Na4 e5 18. Nd5 Nxd5 19. Rxf8+ Bxf8 20. exd5 Bb7 21. Rf1 Bxd5 22. Bg5 Qc7 23. c4 bxc3 24. Nxc3 Bxb3 25. Qf3 Re8 26. Nd5 Bxd5 27. Qxd5 h6 28. Rf7 Qa5 29. Qc6 Rb8 30. Bh4 Qd2 31. h3 Qd1+ 32. Kh2 Qxd3 33.
Qc7 Re8 34. Qd7 Qb5 35. Qg4 e4 36. Qg6 Qc4 37. Bf6 gxf6 38. Qh7# 1-0